3A
COLUMBIA RIVER RATS @ YUCCA VALLEY YELLOWS
07/17/2041
 
TOP OF THE 1ST
Columbia River Rats batting - Pitching for Yucca Valley Yellows : RHP Dan Sanders
Pitching: RHP Dan Sanders
Batting: RHB Robinson Vargas 0-0: Ball
1-0: Foul Ball, location: 2F
1-1: Ball
2-1: Swinging Strike
2-2: Ground out 6-3 (Groundball, 6MD, EV 85.6 MPH)
Batting: RHB Gregor Lennox 0-0: Ball
1-0: Fly out, F6 (Popup, 56, EV 70.0 MPH)
Batting: LHB Amani Marwan 0-0: Ball
1-0: Ball
2-0: Ball
3-0: Foul Ball, location: 2F
3-1: Swinging Strike
3-2: Strikes out swinging
Top of the 1st over - 0 runs, 0 hits, 0 errors, 0 left on base; Columbia 0 - Yucca Valley 0
BOTTOM OF THE 1ST
Yucca Valley Yellows batting - Pitching for Columbia River Rats : RHP Pat Butler
Pitching: RHP Pat Butler
Batting: RHB John Gaudet 0-0: DOUBLE (Line Drive, 9LM, EV 91.2 MPH)
Batting: RHB Donnie Haggard 0-0: Called Strike
John Gaudet steals 3rd base
0-1: Ball
1-1: Ground out 6-3 (Groundball, 6, EV 81.9 MPH)
John Gaudet scores
Batting: SHB Bill Gatacre 0-0: Ball
1-0: Ball
2-0: SINGLE (Groundball, 6MD, EV 96.2 MPH)
Batting: LHB Elijah Scott 0-0: Ball
1-0: Ball
2-0: Called Strike
2-1: SINGLE (Line Drive, 89S, EV 109.4 MPH)
Bill Gatacre to second
Batting: LHB Tony San Pedro 0-0: SINGLE (Groundball, 56S, EV 70.6 MPH) (infield hit)
Bill Gatacre to third
Elijah Scott to second
Batting: RHB Jason Portillo 0-0: Ball
1-0: Called Strike
1-1: Grounds into double play, 6-4-3 (Groundball, 6, EV 80.0 MPH)
Bottom of the 1st over - 1 run, 4 hits, 0 errors, 2 left on base; Columbia 0 - Yucca Valley 1
TOP OF THE 2ND
Columbia River Rats batting - Pitching for Yucca Valley Yellows : RHP Dan Sanders
Batting: RHB Guillermo Alemán 0-0: Called Strike
0-1: Swinging Strike
0-2: Ball
1-2: Ball
2-2: Ball
3-2: Base on Balls
Batting: RHB Koryusai Maejima 0-0: Reached on error, E5 (Groundball, 56, EV 84.4 MPH)
Guillermo Alemán to second
Batting: RHB Robbie Clark 0-0: Called Strike
0-1: Foul Ball, location: 2F
0-2: Foul Ball, location: 2F
0-2: Ball
1-2: SINGLE (Line Drive, 3D, EV 105.0 MPH)
Guillermo Alemán to third
Koryusai Maejima to second
Batting: LHB Al Tanner 0-0: Called Strike
0-1: TRIPLE (Line Drive, 8LXD, EV 103.8 MPH)
Guillermo Alemán scores
Koryusai Maejima scores
Robbie Clark scores
Batting: RHB Oliver Buss 0-0: Ground out 6-3 (Groundball, 56, EV 110.0 MPH)
Al Tanner scores
Batting: RHB Wu-ji Hsia 0-0: Ball
1-0: Called Strike
1-1: Ball
2-1: SINGLE (Groundball, 56D, EV 98.1 MPH)
Batting: RHB Robinson Vargas 0-0: Ball
1-0: Foul Ball, location: 2F
1-1: Swinging Strike
1-2: Ball
2-2: DOUBLE (Groundball, 5L, EV 108.1 MPH)
Wu-ji Hsia to third
Batting: RHB Gregor Lennox 0-0: Ball
1-0: Swinging Strike
1-1: Ball
2-1: Ground out 6-3 (Groundball, 6MD, EV 100.6 MPH)
Wu-ji Hsia scores
Robinson Vargas to third
Batting: LHB Amani Marwan 0-0: 2-RUN HOME RUN (Flyball, 9LD, EV 98.8 MPH), Distance : 356 ft
Batting: RHB Guillermo Alemán 0-0: Foul Ball, location: 2F
0-1: Ball
1-1: Called Strike
1-2: Strikes out swinging
Top of the 2nd over - 7 runs, 5 hits, 1 error, 0 left on base; Columbia 7 - Yucca Valley 1
BOTTOM OF THE 2ND
Yucca Valley Yellows batting - Pitching for Columbia River Rats : RHP Pat Butler
Batting: LHB Dan Knight 0-0: Ball
1-0: Foul Ball, location: 2F
1-1: Called Strike
1-2: Strikes out swinging
Batting: RHB Denny Wolfe 0-0: Ground out 5-3 (Groundball, 56, EV 83.8 MPH)
Batting: RHB Alfonso Ramos 0-0: Ball
1-0: Ball
2-0: Foul Ball, location: 2F
2-1: Foul Ball, location: 2F
2-2: Strikes out swinging
Bottom of the 2nd over - 0 runs, 0 hits, 0 errors, 0 left on base; Columbia 7 - Yucca Valley 1
TOP OF THE 3RD
Columbia River Rats batting - Pitching for Yucca Valley Yellows : RHP Dan Sanders
Pitching: LHP Jason Cormack
Batting: RHB Koryusai Maejima 0-0: Called Strike
0-1: Ball
1-1: Swinging Strike
1-2: Foul Ball, location: 2F
1-2: Foul Ball, location: 2F
1-2: Strikes out looking
Batting: RHB Robbie Clark 0-0: Ball
1-0: Foul Ball, location: 2F
1-1: SOLO HOME RUN (Line Drive, 7D, EV 103.8 MPH), Distance : 397 ft
Batting: LHB Al Tanner 0-0: Called Strike
0-1: Called Strike
0-2: Ball
1-2: Ball
2-2: Foul Ball, location: 2F
2-2: Ball
3-2: Base on Balls
Batting: RHB Oliver Buss 0-0: Foul Ball, location: 2F
0-1: Swinging Strike
0-2: Ball
1-2: Strikes out swinging
Batting: RHB Wu-ji Hsia 0-0: Called Strike
0-1: Foul Ball, location: 2F
0-2: Strikes out looking
Top of the 3rd over - 1 run, 1 hit, 0 errors, 1 left on base; Columbia 8 - Yucca Valley 1
BOTTOM OF THE 3RD
Yucca Valley Yellows batting - Pitching for Columbia River Rats : RHP Pat Butler
Batting: RHB John Gaudet 0-0: Fly out, F8 (Flyball, 8RXD, EV 106.2 MPH)
Batting: RHB Donnie Haggard 0-0: Reached on error, E5 (Groundball, 56S, EV 88.1 MPH)
Batting: SHB Bill Gatacre 0-0: Called Strike
0-1: Ball
1-1: Foul Ball, location: 2F
1-2: SINGLE (Line Drive, 9LS, EV 106.9 MPH)
Donnie Haggard to second
Batting: LHB Elijah Scott 0-0: Ball
1-0: Ball
2-0: Ball
3-0: Called Strike
3-1: Base on Balls
Donnie Haggard to third
Bill Gatacre to second
Batting: LHB Tony San Pedro 0-0: Ball
1-0: Foul Ball, location: 2F
1-1: Called Strike
1-2: Ball
2-2: Grounds into double play, 5-4-3 (Groundball, 56S, EV 88.8 MPH)
Bottom of the 3rd over - 0 runs, 1 hit, 1 error, 2 left on base; Columbia 8 - Yucca Valley 1
TOP OF THE 4TH
Columbia River Rats batting - Pitching for Yucca Valley Yellows : LHP Jason Cormack
Batting: RHB Robinson Vargas 0-0: Ball
1-0: Ball
2-0: Ball
3-0: Called Strike
3-1: Ground out 5-3 (Groundball, 56S, EV 69.4 MPH)
Batting: RHB Gregor Lennox 0-0: Ball
1-0: Ground out 6-3 (Groundball, 6, EV 80.0 MPH)
Batting: LHB Amani Marwan 0-0: Foul Ball, location: 2F
0-1: Ball
1-1: Ball
2-1: Ball
3-1: Swinging Strike
3-2: Foul Ball, location: 2F
3-2: Foul Ball, location: 2F
3-2: Fly out, F8 (Line Drive, 8RM, EV 90.0 MPH)
Top of the 4th over - 0 runs, 0 hits, 0 errors, 0 left on base; Columbia 8 - Yucca Valley 1
BOTTOM OF THE 4TH
Yucca Valley Yellows batting - Pitching for Columbia River Rats : RHP Pat Butler
Batting: RHB Jason Portillo 0-0: Ball
1-0: Foul Ball, location: 2F
1-1: Ball
2-1: Fly out, F3 (Line Drive, 3, EV 63.1 MPH)
Batting: LHB Dan Knight 0-0: Fly out, F3 (Line Drive, 3, EV 68.8 MPH)
Batting: RHB Denny Wolfe 0-0: Called Strike
0-1: Foul Ball, location: 2F
0-2: Ball
1-2: SINGLE (Groundball, 4MD, EV 93.8 MPH)
Batting: RHB Alfonso Ramos 0-0: Foul Ball, location: 2F
0-1: Swinging Strike
0-2: Ball
1-2: Strikes out swinging
Bottom of the 4th over - 0 runs, 1 hit, 0 errors, 1 left on base; Columbia 8 - Yucca Valley 1
TOP OF THE 5TH
Columbia River Rats batting - Pitching for Yucca Valley Yellows : LHP Jason Cormack
Batting: RHB Guillermo Alemán 0-0: Foul Ball, location: 2F
0-1: Ball
1-1: Ball
2-1: Called Strike
2-2: Foul Ball, location: 2F
2-2: SINGLE (Line Drive, 7S, EV 96.9 MPH)
Batting: RHB Koryusai Maejima 0-0: Ball
1-0: Called Strike
1-1: Ball
2-1: Called Strike
2-2: Strikes out swinging
Batting: RHB Robbie Clark 0-0: Fly out, F6 (Popup, 4MS, EV 61.9 MPH)
Batting: LHB Al Tanner 0-0: Called Strike
0-1: Ball
1-1: Foul Ball, location: 2F
1-2: Ball
2-2: Strikes out swinging
Top of the 5th over - 0 runs, 1 hit, 0 errors, 1 left on base; Columbia 8 - Yucca Valley 1
BOTTOM OF THE 5TH
Yucca Valley Yellows batting - Pitching for Columbia River Rats : RHP Pat Butler
Batting: RHB John Gaudet 0-0: Called Strike
0-1: Swinging Strike
0-2: Foul Ball, location: 2F
0-2: Ball
1-2: Ball
2-2: Fly out, F8 (Flyball, 8RS, EV 90.0 MPH)
Batting: RHB Donnie Haggard 0-0: Swinging Strike
0-1: Called Strike
0-2: Ball
1-2: Foul Ball, location: 2F
1-2: Strikes out swinging
Batting: SHB Bill Gatacre 0-0: Ball
1-0: Called Strike
1-1: Foul Ball, location: 2F
1-2: Strikes out looking
Bottom of the 5th over - 0 runs, 0 hits, 0 errors, 0 left on base; Columbia 8 - Yucca Valley 1
TOP OF THE 6TH
Columbia River Rats batting - Pitching for Yucca Valley Yellows : LHP Jason Cormack
Batting: RHB Oliver Buss 0-0: Ball
1-0: Foul Ball, location: 2F
1-1: Ball
2-1: Foul Ball, location: 2F
2-2: Foul Ball, location: 2F
2-2: Ball
3-2: SINGLE (Groundball, 56D, EV 105.6 MPH)
Pitching: RHP Ralph Dunn
Batting: RHB Wu-ji Hsia 0-0: Ball
1-0: DOUBLE (Line Drive, 8LXD, EV 98.1 MPH)
Oliver Buss to third
Batting: RHB Robinson Vargas 0-0: Ball
1-0: Swinging Strike
1-1: Ball
2-1: TRIPLE (Flyball, 89XD, EV 94.4 MPH)
Oliver Buss scores
Wu-ji Hsia scores
Batting: RHB Gregor Lennox 0-0: Ball
Wild Pitch!
Robinson Vargas scores
1-0: Ball
2-0: Swinging Strike
2-1: Foul Ball, location: 2F
2-2: Strikes out swinging
Batting: LHB Amani Marwan 0-0: Fly out, F7 (Flyball, 7LMF, EV 85.6 MPH)
Batting: RHB Guillermo Alemán 0-0: Ball
1-0: Foul Ball, location: 2F
1-1: Swinging Strike
1-2: Strikes out swinging
Top of the 6th over - 3 runs, 3 hits, 0 errors, 0 left on base; Columbia 11 - Yucca Valley 1
BOTTOM OF THE 6TH
Yucca Valley Yellows batting - Pitching for Columbia River Rats : RHP Pat Butler
Batting: LHB Elijah Scott 0-0: Called Strike
0-1: Ball
1-1: Swinging Strike
1-2: Strikes out swinging
Batting: LHB Tony San Pedro 0-0: Ball
1-0: Called Strike
1-1: Foul Ball, location: 2F
1-2: Strikes out looking
Batting: RHB Jason Portillo 0-0: Called Strike
0-1: Ball
1-1: Foul Ball, location: 2F
1-2: Strikes out swinging
Bottom of the 6th over - 0 runs, 0 hits, 0 errors, 0 left on base; Columbia 11 - Yucca Valley 1
TOP OF THE 7TH
Columbia River Rats batting - Pitching for Yucca Valley Yellows : RHP Ralph Dunn
Pinch Hitting: LHB Rijk Blok 0-0: Ball
1-0: Called Strike
1-1: Foul Ball, location: 2F
1-2: Strikes out swinging
Batting: RHB Robbie Clark 0-0: Ball
1-0: Foul Ball, location: 2F
1-1: Ball
2-1: Fly out, F5 (Line Drive, 5, EV 73.1 MPH)
Batting: LHB Al Tanner 0-0: Ball
1-0: Foul Ball, location: 2F
1-1: Swinging Strike
1-2: Ball
2-2: Ball
3-2: Foul Ball, location: 2F
3-2: Ground out 4-3 (Groundball, 4, EV 98.8 MPH)
Top of the 7th over - 0 runs, 0 hits, 0 errors, 0 left on base; Columbia 11 - Yucca Valley 1
BOTTOM OF THE 7TH
Yucca Valley Yellows batting - Pitching for Columbia River Rats : RHP Pat Butler
Pitching: RHP Jesús Gordini
Now at 1B: Jim Abare
Batting: LHB Dan Knight 0-0: Ball
1-0: Ball
2-0: Ball
3-0: Base on Balls
Batting: RHB Denny Wolfe 0-0: Ball
1-0: SINGLE (Line Drive, 5D, EV 93.8 MPH)
Dan Knight to second
Batting: RHB Alfonso Ramos 0-0: Ball
1-0: Grounds into double play, 6-4-3 (Groundball, 6, EV 91.2 MPH)
Dan Knight to third
Batting: RHB John Gaudet 0-0: Ball
1-0: Ball
2-0: Ball
3-0: Called Strike
3-1: Ground out 3-1 (Groundball, 34, EV 86.2 MPH)
Bottom of the 7th over - 0 runs, 1 hit, 0 errors, 1 left on base; Columbia 11 - Yucca Valley 1
TOP OF THE 8TH
Columbia River Rats batting - Pitching for Yucca Valley Yellows : RHP Ralph Dunn
Batting: RHB Oliver Buss 0-0: Foul Ball, location: 2F
0-1: Swinging Strike
0-2: Ball
1-2: Foul Ball, location: 2F
1-2: Strikes out swinging
Batting: RHB Wu-ji Hsia 0-0: Ball
1-0: Fly out, F6 (Line Drive, 6, EV 70.6 MPH)
Batting: RHB Robinson Vargas 0-0: Foul Ball, location: 2F
0-1: Swinging Strike
0-2: Strikes out swinging
Top of the 8th over - 0 runs, 0 hits, 0 errors, 0 left on base; Columbia 11 - Yucca Valley 1
BOTTOM OF THE 8TH
Yucca Valley Yellows batting - Pitching for Columbia River Rats : RHP Jesús Gordini
Batting: RHB Donnie Haggard 0-0: Ball
1-0: Foul Ball, location: 2F
1-1: Fly out, F8 (Flyball, 8RM, EV 93.1 MPH)
Batting: SHB Bill Gatacre 0-0: Swinging Strike
0-1: Ground out U3 (Groundball, 34, EV 107.5 MPH)
Batting: LHB Elijah Scott 0-0: Called Strike
0-1: Ball
1-1: Called Strike
1-2: Ball
2-2: Strikes out swinging
Bottom of the 8th over - 0 runs, 0 hits, 0 errors, 0 left on base; Columbia 11 - Yucca Valley 1
TOP OF THE 9TH
Columbia River Rats batting - Pitching for Yucca Valley Yellows : RHP Ralph Dunn
Pitching: RHP Brian Patterson
Batting: RHB Gregor Lennox 0-0: Called Strike
0-1: Ball
1-1: Foul Ball, location: 2F
1-2: Ball
2-2: Foul Ball, location: 2F
2-2: Strikes out swinging
Batting: LHB Amani Marwan 0-0: Ball
1-0: Ball
2-0: Called Strike
2-1: Foul Ball, location: 2F
2-2: Foul Ball, location: 2F
2-2: Foul Ball, location: 2F
2-2: Strikes out swinging
Batting: RHB Guillermo Alemán 0-0: Fly out, F7 (Flyball, 7D, EV 105.6 MPH)
Top of the 9th over - 0 runs, 0 hits, 0 errors, 0 left on base; Columbia 11 - Yucca Valley 1
BOTTOM OF THE 9TH
Yucca Valley Yellows batting - Pitching for Columbia River Rats : RHP Jesús Gordini
Batting: LHB Tony San Pedro 0-0: Ball
1-0: Ball
2-0: Ground out 6-3 (Groundball, 6, EV 88.8 MPH)
Batting: RHB Jason Portillo 0-0: Swinging Strike
0-1: Foul Ball, location: 2F
0-2: SINGLE (Line Drive, 89S, EV 110.0 MPH)
Batting: LHB Dan Knight 0-0: Ground out 3-1 (Groundball, 3S, EV 68.1 MPH)
Jason Portillo to second
Batting: RHB Denny Wolfe 0-0: Ball
1-0: Ball
2-0: Ball
3-0: Called Strike
3-1: Fly out, F7 (Line Drive, 7, EV 84.4 MPH)
Bottom of the 9th over - 0 runs, 1 hit, 0 errors, 1 left on base; Columbia 11 - Yucca Valley 1
Tuesday, January 5th, 2021 - OOTP Baseball 20.8 Build 74